 Dungeon Crawl Stone Soup version 0.20-a0-738-gb057e68 (webtiles) character file.

18498 polly the Grappler (level 12, 0/84 HPs)
             Began as a Demonspawn Gladiator on Feb 24, 2017.
             Was the Champion of Okawaru.
             Succumbed to barbed spike wounds
             ... on level 10 of the Dungeon.
             The game lasted 00:23:40 (11542 turns).

polly the Grappler (Demonspawn Gladiator)          Turns: 11542, Time: 00:23:40

Health: 0/84       AC: 26    Str: 19    XL:     12   Next: 28%
Magic:  12/12      EV:  1    Int:  9    God:    Okawaru [******]
Gold:   393        SH: 19    Dex: 18    Spells: 11/11 levels left

rFire    + . .     SeeInvis .     - Unarmed
rCold    . . .     Gourm    .   s - +0 crystal plate armour
rNeg     . . .     Faith    .   O - +2 large shield {AC+3}
rPois    .         Spirit   .   c - +0 helmet
rElec    .         Reflect  .   C - +0 cloak
rCorr    .         Harm     .   (gloves unavailable)
MR       .....                  (no boots)
Stlth    ..........             z - amulet of regeneration
Regen    0.7/turn               U - +2 ring of dexterity
MPRegen  0.2/turn               t - +2 ring of slaying

@: barbed spikes
A: claws 3, slimy green scales 2, fire resistance 1, spiny 1
a: Heroism, Finesse, Renounce Religion


You were on level 10 of the Dungeon.
You worshipped Okawaru.
Okawaru was exalted by your worship.
You were hungry.

You visited 3 branches of the dungeon, and saw 13 of its levels.
You also visited: Bailey.

You collected 648 gold pieces.
You spent 255 gold pieces at shops.

Inventory:

Missiles
 d - 3 throwing nets (quivered)
 J - 8 javelins of returning
 L - 68 tomahawks of returning
Armour
 c - a +0 helmet (worn)
 s - a +0 crystal plate armour (worn)
 v - a +2 shield of protection
 C - a +0 cloak (worn)
 O - a +2 large shield of protection (worn)
Jewellery
 a - an uncursed amulet of guardian spirit {unknown}
 t - a +2 ring of slaying (left claw)
 u - an uncursed ring of protection from fire
 y - an uncursed ring of flight
 z - an amulet of regeneration (around neck)
 U - a +2 ring of dexterity (right claw)
 X - an uncursed amulet of rage {unknown}
Wands
 Z - a wand of disintegration (13/24)
Scrolls
 g - 5 scrolls of blinking
 l - 2 scrolls of immolation
 m - 8 scrolls of teleportation
 r - 4 scrolls of enchant armour
 F - 2 scrolls of enchant weapon
 I - a scroll of brand weapon
 P - 2 scrolls of amnesia {unknown}
 V - a scroll of noise {unknown}
 W - 3 scrolls of vulnerability {unknown}
 Y - 2 scrolls of remove curse
Potions
 b - 11 potions of mutation
 e - a potion of agility {unknown}
 h - 4 potions of magic {unknown}
 j - a potion of degeneration {unknown}
 k - 4 potions of lignification {unknown}
 n - 2 potions of might {unknown}
 o - 6 potions of heal wounds
 p - 2 potions of haste
 w - 4 potions of brilliance {unknown}
 H - a potion of flight {unknown}
 M - a potion of experience {unknown}
 Q - a potion of berserk rage {unknown}
Books
 A - a book of Cantrips

   Spells                             Type                      Level
   a - Confusing Touch                Hexes                        1
   b - Animate Skeleton               Necromancy                   1
   c - Summon Small Mammal            Summoning                    1
   d - Apportation                    Translocation                1
 B - a book of Misfortune

   Spells                             Type                      Level
   a - Confusing Touch                Hexes                        1
   b - Confuse                        Hexes                        3
   c - Gell's Gravitas                Translocation                3
   d - Petrify                        Transmutation/Earth          4
   e - Metabolic Englaciation         Hexes/Ice                    5
   f - Yara's Violent Unravelling     Hexes/Transmutation          5
 S - a book of Changes

   Spells                             Type                      Level
   a - Beastly Appendage              Transmutation                1
   b - Sticks to Snakes               Transmutation                2
   c - Spider Form                    Transmutation/Poison         3
   d - Ice Form                       Ice/Transmutation            4
   e - Blade Hands                    Transmutation                5
Comestibles
 f - 14 bread rations
 i - 6 royal jellies
 x - 7 meat rations
 E - 7 fruits


   Skills:
 + Level 4.5 Fighting
   Level 6.9 Long Blades
 + Level 2.0 Throwing
 + Level 6.7 Armour
 - Level 3.3 Dodging
 + Level 1.2 Stealth
 + Level 8.7 Shields
 * Level 12.7 Unarmed Combat


You had 11 spell levels left.
You didn't know any spells.

Dungeon Overview and Level Annotations

Branches:
Dungeon (11/15)            Temple (1/1) D:4            Lair (1/6) D:10
    Orc (0/2) D:9

Altars:
Ashenzari
Cheibriados
Dithmenos
Elyvilon
Fedhas
Gozag
Hepliaklqana
Kikubaaqudgha
Makhleb
Nemelex Xobeh
Okawaru
Qazlal
Ru
Sif Muna
Trog
Uskayaw
Vehumet
Wu Jian
Xom
Yredelemnul
Zin
The Shining One

Shops:
D:4 [   D:7 ?   D:8 =


Innate Abilities, Weirdness & Mutations

You have claws for hands.
You are mostly covered in slimy green scales. (AC +3)
Your flesh is heat resistant. (rF+)
You are partially covered in sharp spines.


Message History

a chain mail; a club The barbed spikes dig painfully into your body as you move.
* * * LOW HITPOINT WARNING * * *
The manticore flicks its tail.
The volley of spikes hits you!
The barbed spikes become lodged in your body.
* * * LOW HITPOINT WARNING * * *
There is a stone staircase leading up, spattered with blood here.
Things that are here:
5 bolts; a glowing dagger {god gift} The manticore flicks its tail.
You block the volley of spikes.
You climb upwards.
There is a stone staircase leading down here.
The barbed spikes dig painfully into your body as you move.
* * * LOW HITPOINT WARNING * * *
Things that are here:
16 bolts; an uncursed arbalest The barbed spikes dig painfully into your body as you move.
You die...

#.##############.# #.# #.#
#.# #.# #.##############.#
#########................#
............<..........[.#
...............[.>.......#
############.)...........#
..............>(@........#
.............).(.........#
............[.........[..#
##########...)...........#
#...............#
#...............#
#...............#
#..........>...<#
#################


There were no monsters in sight!

Vanquished Creatures
  A minotaur (D:11)
  4 two-headed ogres
  The ghost of momplestiltskin the Cleaver, a novice HOMo (D:7)
  Pikel (D:6)
  An orc knight (Bailey)
  Maurice (D:8)
  A cyclops (D:11)
  A spiny frog (Lair:1)
  6 yaktaurs
  3 komodo dragons (Lair:1)
  A troll (D:10)
  Grinder (D:6)
  A shadow (D:9)
  A water elemental (D:11)
  2 wyverns
  A wraith (D:11)
  12 yaks
  2 hogs (D:7)
  A vampire (D:11)
  Grum (D:8)
  A human (D:7)
  A hungry ghost (D:11)
  A warg (D:9)
  3 water moccasins (Lair:1)
  2 porcupines (Lair:1)
  4 ice beasts
  6 sky beasts
  2 orc warriors
  2 phantoms
  A necrophage (D:9)
  2 ogres (D:8)
  2 wolves (D:8)
  5 centaurs
  A crocodile (Lair:1)
  A big kobold (D:9)
  6 bullfrogs
  A water moccasin zombie (D:8)
  4 scorpions
  A wyvern skeleton (D:11)
  10 killer bees
  8 wights
  5 howler monkeys
  A bullfrog zombie (D:11)
  6 crimson imps
  A quasit (D:11)
  4 jellies
  8 orc priests
  3 hounds
  4 bullfrog skeletons
  A gnoll shaman (D:7)
  3 iron imps (D:8)
  3 iguanas
  13 orc wizards
  Terence (D:2)
  9 worker ants
  A howler monkey zombie (D:5)
  2 worker ant zombies
  28 gnolls
  12 adders
  2 shadow imps
  3 oozes
  2 adder skeletons
  2 adder zombies
  A worm (D:2)
  A dart slug (D:1)
  6 leopard geckos
  61 orcs
  7 giant cockroaches
  10 goblins
  20 hobgoblins
  10 jackals
  2 quokkas
  5 bats
  3 frilled lizards
  23 kobolds
  9 rats
379 creatures vanquished.

Vanquished Creatures (others)
  2 slaves (D:6)
  A wight (D:6)
  An iguana (D:6)
4 creatures vanquished.

Grand Total: 383 creatures vanquished

Notes
Turn   | Place    | Note
-------+----------+-------------------------------------------
     0 | D:1      | polly the Demonspawn Gladiator began the quest for the Orb.
     0 | D:1      | Reached XP level 1. HP: 16/16 MP: 1/1
   181 | D:1      | Gained mutation: Your flesh is heat resistant. (rF+) [demonic ancestry]
   181 | D:1      | Reached XP level 2. HP: 11/22 MP: 2/2
   631 | D:1      | Gained mutation: You are partially covered in sharp spines. [demonic ancestry]
   631 | D:1      | Reached XP level 3. HP: 15/27 MP: 3/3
  1040 | D:2      | Noticed Terence
  1050 | D:2      | Killed Terence
  1050 | D:2      | Reached skill level 1 in Armour
  1050 | D:2      | Reached XP level 4. HP: 15/33 MP: 4/4
  1334 | D:2      | Found a faded altar of an unknown god.
  2071 | D:3      | Reached XP level 5. HP: 31/39 MP: 5/5
  2299 | D:3      | Found a shattered altar of Ashenzari.
  2829 | D:4      | Found a staircase to the Ecumenical Temple.
  2898 | Temple   | Entered the Ecumenical Temple
  2995 | Temple   | Became a worshipper of Warmaster Okawaru
  3094 | D:4      | Gained mutation: You are partially covered in slimy green scales. (AC +2) [demonic ancestry]
  3094 | D:4      | Reached XP level 6. HP: 43/46 MP: 6/6
  3338 | D:4      | Found Viteif's Antique Armour Emporium.
  3353 | D:4      | Bought a glowing shield for 165 gold pieces
  3394 | D:4      | Reached skill level 5 in Long Blades
  3476 | D:4      | Found an ornate altar of the Wu Jian Council.
  3585 | D:5      | Entered Level 5 of the Dungeon
  3848 | D:5      | Found a snail-covered altar of Cheibriados.
  3902 | D:5      | Reached XP level 7. HP: 52/52 MP: 7/7
  3908 | D:5      | Reached * piety under Okawaru
  3908 | D:5      | Reached skill level 1 in Shields
  3987 | D:5      | Got a pair of warped boots
  3993 | D:5      | Identified the cursed -6 pair of boots "Oraadet" {Stlth+} (You found it on level 5 of the Dungeon)
  4144 | D:5      | Found a hide-covered altar of Uskayaw.
  4430 | D:6      | Noticed Pikel
  4456 | D:6      | Killed Pikel
  4456 | D:6      | Reached ** piety under Okawaru
  4456 | D:6      | Gained mutation: You have sharp fingernails. [demonic ancestry]
  4456 | D:6      | Reached XP level 8. HP: 56/60 MP: 8/8
  4737 | D:6      | Reached skill level 1 in Unarmed Combat
  4825 | D:6      | Found a hazy altar of Hepliaklqana.
  4840 | D:6      | Noticed Grinder
  4850 | D:6      | Reached skill level 2 in Unarmed Combat
  4860 | D:6      | Paralysed by a wight for 2 turns
  4867 | D:6      | Reached *** piety under Okawaru
  4906 | D:6      | Killed Grinder
  4906 | D:6      | Reached skill level 3 in Unarmed Combat
  5298 | D:6      | Received a gift from Okawaru
  5515 | D:7      | Reached skill level 1 in Stealth
  5515 | D:7      | Gained mutation: You have very sharp fingernails. [demonic ancestry]
  5515 | D:7      | Reached XP level 9. HP: 65/66 MP: 9/9
  5570 | D:7      | Reached skill level 4 in Unarmed Combat
  5766 | D:7      | Received a gift from Okawaru
  5813 | D:7      | Found Cifesuk's Magic Scroll Shop.
  5823 | D:7      | Found a snail-covered altar of Cheibriados.
  5843 | D:7      | Noticed momplestiltskin's ghost (novice HOMo)
  5869 | D:7      | Killed momplestiltskin's ghost
  5869 | D:7      | Reached skill level 5 in Unarmed Combat
  6283 | D:7      | Reached skill level 6 in Unarmed Combat
  6289 | D:7      | Reached **** piety under Okawaru
  6297 | D:7      | Reached skill level 5 in Armour
  6305 | D:7      | Reached skill level 5 in Shields
  6463 | D:7      | Reached skill level 7 in Unarmed Combat
  6559 | D:8      | Found Texy's Jewellery Emporium.
  6567 | D:8      | Bought a +2 ring of dexterity for 90 gold pieces
  6645 | D:8      | Noticed Grum
  6659 | D:8      | Gained mutation: You have claws for hands. [demonic ancestry]
  6659 | D:8      | Reached XP level 10. HP: 66/73 MP: 10/10
  6670 | D:8      | Killed Grum
  6677 | D:8      | Found a burning altar of Makhleb.
  6714 | D:8      | Noticed Maurice
  6729 | D:8      | Killed Maurice
  6729 | D:8      | Reached ***** piety under Okawaru
  6755 | D:8      | Noticed a two-headed ogre
  6756 | D:8      | Found a sparkling altar of Nemelex Xobeh.
  6773 | D:8      | Killed a two-headed ogre
  6773 | D:8      | Reached skill level 8 in Unarmed Combat
  6840 | D:8      | Noticed a two-headed ogre
  6850 | D:8      | Killed a two-headed ogre
  6850 | D:8      | Reached skill level 9 in Unarmed Combat
  7007 | D:8      | Found a flagged portal.
  7017 | Bailey   | Entered a bailey
  7228 | Bailey   | Noticed an orc knight
  7262 | Bailey   | Killed an orc knight
  7268 | Bailey   | Received a gift from Okawaru
  7605 | D:8      | Noticed a two-headed ogre
  7619 | D:8      | Killed a two-headed ogre
  7619 | D:8      | Reached skill level 10 in Unarmed Combat
  7619 | D:8      | Reached XP level 11. HP: 43/78 MP: 11/11
  7871 | D:8      | Received a gift from Okawaru
  8337 | D:9      | Found a staircase to the Orcish Mines.
  8365 | D:9      | Reached ****** piety under Okawaru
  8895 | D:10     | Entered Level 10 of the Dungeon
  8990 | D:10     | Found a staircase to the Lair.
  9506 | Lair:1   | Entered Level 1 of the Lair of Beasts
  9556 | Lair:1   | Reached skill level 11 in Unarmed Combat
  9668 | Lair:1   | Received a gift from Okawaru
 10402 | D:11     | Noticed a two-headed ogre
 10408 | D:11     | Killed a two-headed ogre
 10408 | D:11     | Received a gift from Okawaru
 10445 | D:11     | Received a gift from Okawaru
 10445 | D:11     | Reached skill level 12 in Unarmed Combat
 10530 | D:11     | Gained mutation: You are mostly covered in slimy green scales. (AC +3) [demonic ancestry]
 10530 | D:11     | Reached XP level 12. HP: 71/82 MP: 12/12
 10844 | D:11     | Noticed a death yak
 10956 | D:11     | Noticed a minotaur
 10963 | D:11     | HP: 4/84 [yaktaur/bolt (24)]
 11137 | D:11     | HP: 3/84 [minotaur (2)]
 11157 | D:11     | Killed a minotaur
 11157 | D:11     | Received a gift from Okawaru
 11158 | D:11     | Got a jewelled double sword {god gift}
 11176 | D:11     | Identified the +7 double sword "Keadedik" {freeze, Int+5 Stlth-} (Okawaru gifted it to you on level 11 of the Dungeon)
 11480 | D:11     | Noticed a death yak
 11493 | D:11     | Noticed a death yak
 11495 | D:11     | Noticed a death yak
 11527 | D:11     | Noticed a minotaur
 11542 | D:10     | Succumbed to barbed spike wounds

Vault maps used:
D:1:      dpeg_arrival_pond, hex_large
D:2:      first_bread, chequers_ecumenical_altar_lobes, uniq_terence
D:3:      corexii_shack_village, nicolae_ashenzari_panopticon
D:4:      marbit_many_paths, serial_shops, shop
D:5:      hangedman_feature_mirror
D:6:      nicolae_overflow_crystal_walls, minmay_misc_feat_encased,
          uniq_grinder, uniq_pikel
D:7:      cheibriados_altar_1, serial_shops, nicolae_shop_window_shopping,
          grunt_livestock
D:8:      demons_altar, enter_bailey_3, serial_shops, shop,
          nemelex_xobeh_ov_fountains_minmay, uniq_maurice, uniq_grum
D:9:      david_orc_3
D:10:     lair_entry_dummy
D:11:     fort_yaktaur, serial_shops, shop
Temple:   minmay_crystal_spiral_temple
Bailey:   bailey_axe_2, bailey

Skill      XL: |  1  2  3  4  5  6  7  8  9 10 11 |
---------------+----------------------------------+-----
Throwing       | 2 |  2.0
Long Blades    | 3 4 5 6 |  6.9
Dodging        | 3 |  3.3
Armour         | 1 2 3 4 5 6 |  6.7
Fighting       | 3 4 |  4.5
Shields        | 2 3 5 6 8 |  8.7
Unarmed Combat | 3 7 10 12 | 12.7
Stealth        | 1 |  1.2

Action                   |  1- 3 |  4- 6 |  7- 9 | 10-12 || total
-------------------------+-------+-------+-------+-------++-------
Melee: Long sword        |    73 |   259 |    66 |       ||   398
       Unarmed           |       |       |   368 |   635 ||  1003
Throw: Throwing net      |       |       |     2 |       ||     2
Invok: Heroism           |       |       |       |     1 ||     1
  Use: Scroll            |       |     4 |     1 |     3 ||     8
       Potion            |       |       |       |    13 ||    13
 Stab: Held in net/web   |       |       |     3 |       ||     3
  Eat: Chunk             |       |     9 |    11 |     6 ||    26
       Bread ration      |       |       |       |     2 ||     2
       Royal jelly       |       |       |       |     1 ||     1
Armor: Leather armour    |    21 |     8 |       |       ||    29
       Crystal plate arm |       |   208 |   250 |   394 ||   852
Dodge: Dodged            |    39 |    22 |    17 |    35 ||   113
Block: Shield            |       |    40 |   200 |   192 ||   432
       Large shield      |       |       |       |   399 ||   399
       Rpst.: Long sword |     7 |     7 |       |       ||    14
